 Dungeon Crawl Stone Soup version bcrawl-1.26.1 (webtiles) character file.

Game seed: 11197087829834509126

147841 Freyura the Skirmisher (level 5, -3/42 HPs)
             Began as a Demonspawn Fighter on July 3, 2020.
             Was a Follower of Nemelex Xobeh.
             Slain by a sky beast (5 damage)
             ... on level 3 of the Dungeon.
             The game lasted 00:06:13 (2610 turns).

Freyura the Skirmisher (Demonspawn Fighter)         Turns: 2610, Time: 00:06:13

Health: -3/42      AC: 10    Str: 16    XL:     5   Next: 30%
Magic:  6/6        EV:  5    Int: 10    God:    Nemelex Xobeh [*.....]
Gold:   158        SH:  9    Dex: 13    Spells: 4/4 levels left

rFire    . . .     SeeInvis .   h - +0 morningstar
rCold    . . .     Gourm    .   c - +0 medium shield
rNeg     . . .     Faith    .   b - +0 scale mail
rPois    .         Spirit   .   (no helmet)
rElec    .         Reflect  .   (no cloak)
rCorr    .         Harm     .   (no gloves)
MR       .....                  q - +1 pair of boots
Stlth    +.........             (no amulet)
HPRegen  0.14/turn              (no ring)
MPRegen  0.10/turn              (no ring)

@: no status effects
A: molten scales 1, nightstalker 1
a: Draw Escape, Draw Destruction, Draw Summoning, Renounce Religion


You were on level 3 of the Dungeon.
You worshipped Nemelex Xobeh.
Nemelex Xobeh was aware of your devotion.
You were not hungry.

You visited 1 branch of the dungeon, and saw 3 of its levels.

You collected 158 gold pieces.

Inventory:

Hand Weapons
 a - a +1 flail
 h - a +0 morningstar (weapon)
Armour
 b - a +0 scale mail (worn)
 c - a +0 medium shield (worn)
 q - a +1 pair of boots (worn)
Wands
 k - a wand of random effects (10)
Scrolls
 f - a scroll of identify
 j - a scroll of amnesia
Potions
 d - a potion of might
 i - a potion of magic {unknown}
Comestibles
 e - 3 rations {!d}
 g - a chunk of flesh


   Skills:
 * Level 3.9 Fighting
 * Level 3.0 Maces & Flails
 + Level 3.1 Armour
 + Level 1.1 Dodging
 + Level 3.2 Shields
 + Level 1.6 Invocations
 + Level 0.9 Evocations


You had 4 spell levels left.
You didn't know any spells.
Your spell library contained the following spells:

 Spells                   Type           Power        Failure   Level  Hunger
 Beastly Appendage        Tmut           #.....       100%        1    ##.....
 Sticks to Snakes         Tmut           #.......     100%        2    ###....
 Spider Form              Tmut/Pois      #..          100%        3    ####...
 Ice Form                 Ice/Tmut       #.......     100%        4    #####..
 Blade Hands              Tmut           #.........   100%        5    ######.


Dungeon Overview and Level Annotations

Branches:
Dungeon (3/12)

Altars:
Elyvilon
Nemelex Xobeh
Vehumet
Xom


Innate Abilities, Weirdness & Mutations

You are partially covered in molten scales. (AC +2)
You are slightly more attuned to the shadows.


Message History

You miss something. Something hits you but does no damage.
You miss something.
Something hits you but does no damage. x2
You miss something. Something hits you. Something shocks you.
You closely miss something. Something hits you. Something shocks you.
Something hits you but does no damage.
You miss something. Something hits you but does no damage.
You hit something but do no damage. Something hits you. Something shocks you.
* * * LOW HITPOINT WARNING * * *
Something hits you but does no damage.
You closely miss something. Something completely misses you.
You miss something. Something hits you.
* * * LOW HITPOINT WARNING * * *
Something shocks you.
* * * LOW HITPOINT WARNING * * *
You closely miss something.
Something hits you but does no damage. x2
You barely miss something. Something hits you.
* * * LOW HITPOINT WARNING * * *
Something shocks you.
You die...
Your body disappears without a glow.

#.#......#
#...#♣
#.######.#
#.#.#♣ #.#
#.# #...#♣
#.# #.#
#...## #.#
#.# #....#
#.# #.#
#.#..# #.#
#.# #.#..#
#.####
#.#####.#...
#.@{.#
#.......#...
####.#
#######.###.
.. #..... ##
##.... +....
#..>. #....
#.... #####


There were no monsters in sight!

Vanquished Creatures
  An orc priest (D:3)
  2 orc wizards (D:3)
  An adder (D:3)
  2 oozes (D:2)
  4 worms
  A dart slug (D:3)
  A leopard gecko (D:2)
  8 orcs (D:3)
  2 giant cockroaches
  A goblin (D:2)
  9 hobgoblins
  2 quokkas (D:3)
  4 bats
  3 frilled lizards
  9 kobolds
  5 rats
55 creatures vanquished.

Vanquished Creatures (others)
  A goblin (D:3)
1 creature vanquished.

Grand Total: 56 creatures vanquished

Notes
Turn   | Place    | Note
-------+----------+-------------------------------------------
     0 | D:1      | Freyura the Demonspawn Fighter began the quest for the Orb.
     0 | D:1      | Reached XP level 1. HP: 18/18 MP: 1/1
   388 | D:1      | Gained mutation: You are slightly more attuned to the
                  | shadows. [demonic ancestry]
   388 | D:1      | Reached XP level 2. HP: 24/24 MP: 2/2
   523 | D:1      | Got a twitching jade amulet
   703 | D:2      | Found a sparkling altar of Nemelex Xobeh.
   711 | D:2      | Became a worshipper of Nemelex Xobeh the Trickster
   726 | D:2      | Reached XP level 3. HP: 24/29 MP: 3/3
   871 | D:2      | Received a gift from Nemelex Xobeh
   906 | D:2      | Found a shimmering altar of Xom.
   923 | D:2      | Found a shimmering altar of Xom.
   923 | D:2      | Found a shimmering altar of Xom.
   925 | D:2      | Found a shimmering altar of Xom.
   925 | D:2      | Found a shimmering altar of Xom.
  1818 | D:2      | Identified a cursed amulet of Taheoc {Inacc Dex+3 SInv
                  | Stlth-} (You found it on level 1 of the Dungeon)
  1997 | D:3      | Found a radiant altar of Vehumet.
  2010 | D:3      | Reached skill level 1 in Invocations
  2010 | D:3      | Gained mutation: You are partially covered in molten
                  | scales. (AC +2) [demonic ancestry]
  2010 | D:3      | Reached XP level 4. HP: 27/37 MP: 4/4
  2020 | D:3      | Reached skill level 1 in Dodging
  2204 | D:3      | Reached XP level 5. HP: 27/42 MP: 4/6
  2510 | D:3      | Reached * piety under Nemelex Xobeh
  2514 | D:3      | Found a white marble altar of Elyvilon.
  2591 | D:3      | Noticed a sky beast
  2610 | D:3      | HP: 2/42 [something (1)]
  2610 | D:3      | Slain by a sky beast

Skill      XL: |  1  2  3  4  5 |
---------------+----------------+-----
Maces & Flails | 2 3 |  3.0
Shields        | 3 |  3.2
Armour         | 3 |  3.1
Invocations    | 1 |  1.6
Dodging        | 1 |  1.1
Fighting       | |  3.9
Evocations     | |  0.9

Action                   |  1- 3 |  4- 6 || total
-------------------------+-------+-------++-------
Melee: Flail             |   185 |    66 ||   251
       Morningstar       |       |    24 ||    24
  Use: Scroll            |     6 |       ||     6
 Stab: Distracted        |     1 |       ||     1
  Eat: Chunk             |     3 |     3 ||     6
Armor: Scale mail        |    89 |    86 ||   175
Dodge: Dodged            |    27 |    27 ||    54
Block: Medium shield     |    86 |    59 ||   145
